 Dungeon Crawl Stone Soup version 0.29.0-15-g675c0067aa (webtiles) character file.

Game seed: 1549050099205426079

4069 ExZ the Fighter (level 10, -3/96 HPs)
             Began as a Minotaur Fighter on Sept 11, 2022.
             Slain by a large slime creature (22 damage)
             ... on level 7 of the Dungeon.
             The game lasted 00:15:05 (11494 turns).

ExZ the Fighter (Minotaur Fighter)                 Turns: 11494, Time: 00:15:05

Health: -3/96      AC: 15    Str: 29    XL:     10   Next: 5%
Magic:  9/9        EV: 10    Int:  5    God:
Gold:   432        SH:  5    Dex: 12    Spells: 9/9 levels left

rFire   . . .      SeeInvis .   v - +3 scimitar
rCold   . . .      Faith    .   c - +0 buckler
rNeg    . . .      Spirit   .   x - +0 chain mail
rPois   .          Reflect  .   (helmet restricted)
rElec   .          Harm     .   C - +0 cloak
rCorr   +          Rampage  .   (no gloves)
Will    .....                   w - +1 pair of boots
Stlth   ..........              (no amulet)
HPRegen 0.26/turn               q - +6 ring of strength
MPRegen 0.11/turn               o - ring of resist corrosion

@: about to teleport
A: horns 2, retaliatory headbutt
a: no special abilities


You were on level 7 of the Dungeon.
You visited 2 branches of the dungeon, and saw 10 of its levels.

You collected 432 gold pieces.

Inventory:

Hand Weapons
 a - a +0 long sword
 v - a +3 scimitar (weapon)
Missiles
 d - 2 throwing nets (quivered)
Armour
 c - a +0 buckler (worn)
 w - a +1 pair of boots (worn)
 x - a +0 chain mail (worn)
 C - a +0 cloak (worn)
Jewellery
 o - a ring of resist corrosion (right hand)
 q - a +6 ring of strength (left hand)
Wands
 b - a wand of quicksilver (7)
 l - a wand of paralysis (13)
 B - a wand of mindburst (9)
Scrolls
 g - 3 scrolls of enchant armour
 i - 2 scrolls of teleportation
 j - a scroll of fog
 m - a scroll of magic mapping {unknown}
 p - a scroll of immolation {unknown}
 s - a scroll of poison {unknown}
 t - a scroll of vulnerability {unknown}
 u - 2 scrolls of blinking {unknown}
 y - 2 scrolls of amnesia {unknown}
 A - a scroll of noise
Potions
 e - 2 potions of curing
 f - 2 potions of heal wounds {unknown}
 h - 2 potions of ambrosia {unknown}
 k - a potion of invisibility {unknown}
 n - 2 potions of flight
 r - 3 potions of attraction
 z - a potion of cancellation {unknown}
 D - a potion of brilliance {unknown}


   Skills:
 * Level 11.5 Fighting
 + Level 7.4 Long Blades
 - Level 10.0 Armour
 + Level 5.9 Dodging
 - Level 4.2 Shields


You had 9 spell levels left.
You didn't know any spells.
Your spell library contained the following spells:

 Spells                   Type           Power      Damage    Failure   Level
 Sublimation of Blood     Necr           0%         N/A       99%         2
 Wereblood                Tmut           0%         N/A       99%         2
 Petrify                  Tmut/Erth      0%         N/A       100%        4
 Irradiate                Conj/Tmut      0%         3d11      100%        5
 Summon Hydra             Summ           0%         N/A       100%        7


Dungeon Overview and Level Annotations

Branches:
Dungeon (9/15)             Temple (1/1) D:4
   Lair: D:8-11         Orc: D:9-12

Altars:
Dithmenos
Elyvilon
Fedhas
Gozag
Kikubaaqudgha
Nemelex Xobeh
Qazlal
Ru
Trog
Vehumet
Xom
Yredelemnul
The Shining One


Innate Abilities, Weirdness & Mutations

You have a pair of horns on your head.
You reflexively headbutt those who attack you in melee.


Message History

The slime creature is heavily wounded.
The slime creature hits you!
You slash the slime creature!
The slime creature is heavily wounded.
Two slime creatures merge to form a large slime creature.
You hit the large slime creature but do no damage.
The large slime creature is moderately wounded.
Two slime creatures merge to form a very large slime creature.
You barely miss the very large slime creature.
The very large slime creature is lightly wounded.
Unknown command.
Unknown command.
Aiming: Paralyse
Press: ? - help, Shift-Dir - straight line, f - very large slime creature
Aim: a very large slime creature (lightly wounded, chance to affect: 31%)
The very large slime creature easily resists.
Aiming: Paralyse
Press: ? - help, Shift-Dir - straight line, f/p - very large slime creature
Aim: a very large slime creature (lightly wounded, chance to affect: 31%)
The very large slime creature easily resists.
A very large slime creature splits.
You slash the large slime creature! You headbutt the large slime creature!
The large slime creature is moderately wounded.
The large slime creature hits you!! The slime creature hits you.
Unknown command.
You slash the large slime creature! You headbutt the large slime creature!
The large slime creature is heavily wounded.
The large slime creature hits you but does no damage.
The slime creature completely misses you.
The large slime creature hits you!!
Unknown command.
Unknown command.
As you read the scroll of teleportation, it crumbles to dust.
You feel strangely unstable. The slime creature hits you.
You block the large slime creature's attack.
The slime creature hits you!
* * * LOW HITPOINT WARNING * * *
The large slime creature attacks as you move away!
The large slime creature hits you!!
You die...

..#.#.# ##.####### #.#.#.#
#......... ..#.#.#########
#..####### ..............# #..#.#
#.#.#.........# #..#.#
#.#.#.........# #..#.#####
....#.........# #..#......
#.###.#.......##########..#.#####
.........#......@J........#.#
#.###.##.#.......J#####...#.#####
#.###.##.#...####.#...#..........
......##.#...#....#.#.#....#.####
..######.#...#.#..#.#.#..........
..######.#.....#..#.#.#.......###
....##...#...#))..#.#.#..........
..#........#.#.#....#.#.......###
..#.##.#.#.#.#.######.#.#.....###


You could see a large slime creature and a slime creature.

Vanquished Creatures
  Pikel (D:6)
  A slime creature (D:6)
  A yak (D:5)
  A sky beast (D:7)
  2 ice beasts
  2 ogres
  A centaur (D:6)
  A phantom (D:3)
  2 kobold brigands
  Blork the orc (D:5)
  2 gnoll sergeants (D:7)
  3 scorpions
  3 necrophages
  13 wights
  3 howler monkeys
  6 orc priests
  A gnoll bouda (D:6)
  3 hounds (D:5)
  4 jellies
  Jessica (D:2)
  4 orc wizards
  3 iguanas
  41 gnolls
  5 adders
  A shadow imp (D:6)
  5 worms
  5 dart slugs
  32 orcs
  5 ball pythons
  2 bats (D:1)
  9 endoplasms
  8 giant cockroaches
  5 goblins
  7 hobgoblins
  15 jackals
  4 quokkas (D:5)
  3 frilled lizards
  11 kobolds
  10 rats
227 creatures vanquished.

Notes
Turn   | Place    | Note
-------+----------+-------------------------------------------
     0 | D:1      | ExZ the Minotaur Fighter began the quest for the Orb.
     0 | D:1      | Reached XP level 1. HP: 19/19 MP: 0/0
   131 | D:1      | Reached XP level 2. HP: 16/27 MP: 1/1
   314 | D:1      | Reached skill level 4 in Fighting
   634 | D:1      | Reached XP level 3. HP: 33/33 MP: 2/2
   669 | D:1      | Found a faded altar of an unknown god.
   825 | D:2      | Noticed Jessica
   830 | D:2      | Killed Jessica
   953 | D:2      | Reached XP level 4. HP: 31/41 MP: 3/3
  1405 | D:1      | Reached skill level 5 in Fighting
  1916 | D:3      | Noticed a phantom
  2073 | D:3      | Noticed a scorpion
  2081 | D:3      | Killed a scorpion
  2082 | D:3      | Reached XP level 5. HP: 49/50 MP: 4/4
  2326 | D:3      | Killed a phantom
  2327 | D:3      | Reached skill level 6 in Fighting
  2327 | D:3      | Reached skill level 5 in Armour
  2327 | D:3      | Reached XP level 6. HP: 51/57 MP: 5/5
  3371 | D:4      | Found a staircase to the Ecumenical Temple.
  3380 | Temple   | Entered the Ecumenical Temple
  3751 | D:4      | Reached skill level 1 in Dodging
  4425 | D:5      | Entered Level 5 of the Dungeon
  4441 | D:5      | Found a blossoming altar of Fedhas.
  4489 | D:5      | Reached XP level 7. HP: 56/64 MP: 6/6
  4549 | D:5      | Reached skill level 7 in Fighting
  5092 | D:5      | Reached skill level 5 in Long Blades
  5650 | D:5      | Reached XP level 8. HP: 71/74 MP: 7/7
  5824 | D:5      | Reached skill level 8 in Fighting
  6074 | D:5      | HP: 1/74 [orc/+0 trident (6)]
  7535 | D:6      | Reached skill level 9 in Fighting
  7638 | D:6      | Found a radiant altar of Vehumet.
  7711 | D:6      | Noticed Blork the orc
  7905 | D:5      | Killed Blork the orc
  8410 | D:6      | Reached XP level 9. HP: 84/84 MP: 8/8
  8739 | D:6      | Found a glowing golden altar of the Shining One.
  8755 | D:6      | Noticed Pikel
  8769 | D:6      | Killed Pikel
  8770 | D:6      | Reached skill level 10 in Fighting
  8953 | D:6      | Found a basalt altar of Yredelemnul.
  9009 | D:6      | You fall into a shaft and drop 3 floors!
  9037 | D:8      | Reached skill level 5 in Dodging
  9135 | D:7      | Reached skill level 10 in Armour
  9745 | D:7      | Reached skill level 11 in Fighting
 10503 | D:6      | Reached XP level 10. HP: 52/94 MP: 9/9
 11494 | D:7      | Slain by a large slime creature

Illustrated notes

Levels and vault maps discovered:
D:1:      minmay_arrival_four_houses, layout_loops_ring,
          shapermc_ecumenical_altar_mp_urbaneastern
D:2:      layout_rooms, uniq_jessica
D:3:      layout_basic
D:4:      layout_loops_cross, minmay_temple_entry_trees
D:5:      lemuel_castle_with_subvaults [lemuel_castle_interior_original],
          layout_layer_cave, fedhas_altar_2, gup_sewer_entry_pipe
D:6:      layout_loops_corners, lemuel_crystal_altar,
          nicolae_vehumet_altar_sigil, tso_metal_star, serial_bayou_pond_a,
          minmay_misc_feat_room, uniq_blork_the_orc, uniq_pikel
D:7:      layout_basic, minmay_misc_feat_columns, corexii_hall_statues_x
D:8:      layout_basic, grunt_ministairs_13, minmay_misc_feat_diagonals
D:9:      layout_cross, nicolae_overflow_hallway_of_the_gods, lair_entry_dummy,
          kennysheep_minor_cross, david_defended_altar_orc
Temple:   hellmonk_temple_beads

Skill      XL: |  1  2  3  4  5  6  7  8  9 |
---------------+----------------------------+-----
Fighting       | 4 5 6 7 9 11 | 11.5
Armour         | 4 5 6 8 10 | 10.0
Long Blades    | 3 4 5 7 |  7.4
Shields        | 4 |  4.2
Dodging        | 1 2 4 5 |  5.9

Action                   |  1- 3 |  4- 6 |  7- 9 | 10-12 || total
-------------------------+-------+-------+-------+-------++-------
Melee: Long sword        |    66 |   200 |   295 |       ||   561
       Headbutt          |     7 |    36 |    79 |     9 ||   131
       Scimitar          |       |       |   156 |    31 ||   187
Throw: Throwing net      |       |       |     4 |       ||     4
Evoke: Wand              |       |       |     1 |     2 ||     3
  Use: Potion            |       |     5 |     3 |       ||     8
       Scroll            |       |       |     9 |     2 ||    11
 Stab: Held in net/web   |       |       |     1 |       ||     1
       Paralysed         |       |       |     1 |       ||     1
Armor: Scale mail        |    24 |    80 |    91 |       ||   195
       Chain mail        |       |       |    91 |     9 ||   100
Dodge: Dodged            |    28 |   100 |   217 |    13 ||   358
Block: Buckler           |     9 |    49 |   108 |     4 ||   170
